 Dungeon Crawl Stone Soup version 0.29.1-15-g9cfb28693d (webtiles) character file.

Game seed: 7452437752383929544

3208 ahrithefox the Fighter (level 9, 0/84 HPs)
             Began as a Minotaur Fighter on May 3, 2023.
             Was a Priest of Fedhas.
             Slain by a hornet (8 damage)
             ... on level 7 of the Dungeon.
             The game lasted 00:30:48 (6519 turns).

ahrithefox the Fighter (Minotaur Fighter)           Turns: 6519, Time: 00:30:49

Health: 0/84       AC: 19    Str: 24    XL:     9   Next: 65%
Magic:  8/8        EV: 11    Int:  5    God:    Fedhas [***...]
Gold:   244        SH:  5    Dex: 11    Spells: 8/8 levels left

rFire   . . .      SeeInvis .   u - +0 broad axe (freeze)
rCold   + . .      Faith    .   c - +0 buckler
rNeg    . . .      Spirit   .   O - +6 scale mail "Vozunofu" {rPois rC+}
rPois   +          Reflect  .   (helmet restricted)
rElec   .          Harm     .   i - +0 cloak
rCorr   .          Rampage  .   (no gloves)
Will    .....                   (no boots)
Stlth   ..........              (no amulet)
HPRegen 0.24/turn               B - +4 ring of protection
MPRegen 0.11/turn               (no ring)

@: no status effects
A: horns 2, retaliatory headbutt
a: Renounce Religion, Wall of Briars, Grow Ballistomycete


You were on level 7 of the Dungeon.
You worshipped Fedhas.
Fedhas was most pleased with you.
You visited 1 branch of the dungeon, and saw 8 of its levels.
You also visited: Ossuary.

You collected 447 gold pieces.
You spent 203 gold pieces at shops.

Inventory:

Hand Weapons
 a - a +0 war axe
 n - a +2 trident of flaming
 r - a +1 scythe of venom
 u - a +0 broad axe of freezing (weapon)
Missiles
 e - 87 stones (quivered)
 t - 2 boomerangs
 y - 6 javelins
 K - 2 poisoned darts
Armour
 c - a +0 buckler (worn)
 i - a +0 cloak (worn)
 J - a +2 leather armour of cold resistance
 O - the +6 scale mail "Vozunofu" (worn) {rPois rC+}
   (You found it on level 5 of the Dungeon)

   rC:        It protects you from cold.
   rPois:     It protects you from poison.
Jewellery
 z - an amulet of magic regeneration
 B - a +4 ring of protection (left hand)
Wands
 A - a wand of flame (11)
Scrolls
 b - a scroll of poison {unknown}
 f - 4 scrolls of teleportation
 j - 2 scrolls of fear {unknown}
 k - a scroll of identify
 l - a scroll of vulnerability {unknown}
 m - 2 scrolls of magic mapping
 s - 2 scrolls of amnesia {unknown}
 w - 2 scrolls of summoning {unknown}
 C - 2 scrolls of blinking {unknown}
 I - 3 scrolls of noise {unknown}
 M - a scroll of fog {unknown}
 N - 2 scrolls of immolation {unknown}
Potions
 d - 3 potions of might
 g - a potion of heal wounds
 h - a potion of haste {unknown}
 o - 2 potions of attraction {unknown}
 p - 2 potions of mutation {unknown}
 q - a potion of degeneration {unknown}
 v - 3 potions of cancellation {unknown}
 x - a potion of invisibility {unknown}
 D - 2 potions of ambrosia {unknown}
 E - a potion of curing
 F - 3 potions of lignification {unknown}
 G - 3 potions of brilliance {unknown}
 H - a potion of berserk rage {unknown}
 L - 2 potions of flight {unknown}


   Skills:
 * Level 9.5 Fighting
 + Level 6.5 Axes
 + Level 4.9 Throwing
 + Level 7.2 Armour
 + Level 5.4 Dodging
 + Level 7.1 Shields


You had 8 spell levels left.
You didn't know any spells.
Your spell library contained the following spells:

 Spells                   Type           Power      Damage    Failure   Level
 Magic Dart               Conj           0%         1d3       83%         1
 Call Imp                 Summ           0%         N/A       92%         2
 Ensorcelled Hibernation  Hex/Ice        0%         N/A       92%         2
 Searing Ray              Conj           0%         2d4       92%         2
 Static Discharge         Conj/Air       0%         3-3/arc   92%         2
 Mephitic Cloud           Conj/Pois/Air  0%         N/A       99%         3
 Ozocubu's Armour         Ice            0%         N/A       99%         3
 Spider Form              Tmut/Pois      0%         N/A       99%         3
 Anguish                  Hex/Necr       0%         N/A       100%        4
 Dispel Undead            Necr           0%         3d6       100%        4
 Fulminant Prism          Conj/Hex       0%         3d6       100%        4
 Sticky Flame             Conj/Fire      0%         2d3       100%        4
 Ozocubu's Refrigeration  Ice            0%         4d7       100%        7


Dungeon Overview and Level Annotations

Branches:
Dungeon (8/15)             Temple (0/1) D:6         Ossuary (visited)
   Lair: D:8-11

Altars:
Cheibriados
Fedhas
Kikubaaqudgha
Nemelex Xobeh
Xom
The Shining One

Shops:
D:4 [*((*

Annotations:
D:7 Maggie


Innate Abilities, Weirdness & Mutations

You have a pair of horns on your head.
You reflexively headbutt those who attack you in melee.


Message History

You kill the orc wizard!
Fedhas appreciates your contribution to the ecosystem.
The orc priest invokes the aid of Beogh against you.
Pain shoots through your body!
You hit the orc priest. You freeze the orc priest.
The orc priest is moderately wounded.
The orc priest hits you but does no damage.
You slash the orc priest! You freeze the orc priest.
You kill the orc priest!
Fedhas appreciates your contribution to the ecosystem.
A hornet comes into view.
You are too injured to fight recklessly!
The hornet buzzes angrily.
Items here: )) [ †.
You block the hornet's attack.
You miss the hornet. The hornet barely misses you.
The hornet stings you but does no damage.
You closely miss the hornet. You block the hornet's attack.
The hornet completely misses you.
You barely miss the hornet. The hornet stings you.
You feel yourself slow down. You block the hornet's attack.
You hit the hornet. You freeze the hornet.
The hornet is lightly wounded.
You feel yourself speed up.
The hornet stings you but does no damage.
The hornet closely misses you. You furiously retaliate!
You headbutt the hornet!
Maggie the Vainglorious comes into view.
She is wielding a +1 war axe of flaming and carrying a wand of acid (12).
The hornet stings you. The hornet attacks as you move away!
The hornet stings you!
* * * LOW HITPOINT WARNING * * *
You feel yourself slow down.
Maggie zaps a wand.
The bolt of acid hits you!
* * * LOW HITPOINT WARNING * * *
Unknown command.
The hornet attacks as you move away! The hornet stings you.
* * * LOW HITPOINT WARNING * * *
You feel yourself speed up. The hornet stings you!
You die...
Fedhas appreciates your contribution to the ecosystem.

#..#................##..#
##..................##..##
###.......##..........##....
#..........#..........##>.#.
##....#...................#.
#...[)#.##.........#........
###.#>..##.........##.......
#.).).....##.....##.......
##.......@...............>
#........y..............)#
#.....#))................#
#.#......#.................)
.........#.................#
#.#.........#.@...........##
######...#..##.............#
#........# .............#
#...)...!# ..........##.#


You could see Maggie and a hornet.

Vanquished Creatures
  The ghost of LaMa the Ruffian, a novice TrMo of Makhleb (D:6)
  Joseph (D:7)
  An unseen horror skeleton (D:6)
  A hornet (D:6)
  Sigmund (D:3)
  An orc warrior (D:7)
  A sky beast (D:7)
  A centaur (D:7)
  2 ogres (D:7)
  A phantom (D:5)
  A kobold brigand (D:5)
  3 necrophages
  2 scorpions
  4 water moccasin zombies (Ossuary)
  A howler monkey (D:6)
  A centaur skeleton (D:6)
  2 hounds
  2 jellies
  2 orc priests
  An iguana (D:5)
  4 orc wizards
  2 mummies (Ossuary)
  2 spectral howler monkeys (D:6)
  A howler monkey zombie (D:6)
  7 adders
  3 white imps
  3 adder zombies (Ossuary)
  2 worms
  26 orcs
  6 ball pythons
  5 endoplasms
  6 giant cockroaches
  3 gnoll zombies (Ossuary)
  10 goblins
  8 hobgoblins
  7 kobolds
  A quokka (D:2)
  4 bats
  3 frilled lizards
  6 hobgoblin zombies (Ossuary)
  7 kobold zombies (Ossuary)
  An orc zombie (Ossuary)
  2 rats
149 creatures vanquished.

Vanquished Creatures (others)
  An orc wizard (D:4)
1 creature vanquished.

Grand Total: 150 creatures vanquished

Notes
Turn   | Place    | Note
-------+----------+-------------------------------------------
     0 | D:1      | ahrithefox the Minotaur Fighter began the quest for the
                  | Orb.
     0 | D:1      | Reached XP level 1. HP: 19/19 MP: 0/0
   395 | D:1      | Reached XP level 2. HP: 26/27 MP: 1/1
   439 | D:1      | Reached skill level 4 in Fighting
  1045 | D:2      | Found a blossoming altar of Fedhas.
  1057 | D:2      | Became a worshipper of Fedhas Madash
  1210 | D:2      | Reached XP level 3. HP: 32/33 MP: 2/2
  1219 | D:2      | Reached skill level 1 in Dodging
  1448 | D:2      | Found a faded altar of an unknown god.
  1521 | D:2      | Reached * piety under Fedhas
  1977 | D:3      | Reached skill level 1 in Throwing
  2132 | D:3      | Reached XP level 4. HP: 38/41 MP: 3/3
  2229 | D:3      | Noticed Sigmund
  2247 | D:3      | Killed Sigmund
  2248 | D:3      | Reached skill level 5 in Fighting
  2248 | D:3      | Reached XP level 5. HP: 13/48 MP: 4/4
  2682 | D:3      | Reached XP level 6. HP: 53/56 MP: 5/5
  3295 | D:4      | Found Vash's Antique Weapon Shop.
  3295 | D:4      | Found Gurri's General Store.
  3315 | D:4      | Bought a glowing broad axe for 203 gold pieces
  3391 | D:4      | Found Edopiel's Armour Shoppe.
  3619 | D:4      | Found Keluyroa's General Store.
  3844 | D:4      | Found Xeuraar's Weapon Emporium.
  3966 | D:5      | Entered Level 5 of the Dungeon
  4005 | D:5      | Found a sand-covered staircase.
  4011 | Ossuary  | Entered an ossuary
  4026 | Ossuary  | Reached ** piety under Fedhas
  4033 | Ossuary  | Reached skill level 6 in Fighting
  4033 | Ossuary  | Reached XP level 7. HP: 61/63 MP: 6/6
  4073 | Ossuary  | Reached skill level 5 in Armour
  4083 | Ossuary  | Reached skill level 5 in Shields
  4368 | D:5      | Found a sparkling altar of Nemelex Xobeh.
  4565 | D:5      | Reached *** piety under Fedhas
  4596 | D:5      | Found a shimmering altar of Xom.
  4738 | D:5      | Found an ancient bone altar of Kikubaaqudgha.
  4772 | D:5      | Reached skill level 7 in Fighting
  4774 | D:5      | Reached XP level 8. HP: 73/73 MP: 7/7
  4818 | D:5      | Identified the +6 scale mail "Vozunofu" {rPois rC+}
  5071 | D:6      | Noticed a hornet
  5082 | D:6      | Killed a hornet
  5083 | D:6      | Reached skill level 5 in Axes
  5237 | D:6      | Found a staircase to the Ecumenical Temple.
  5246 | D:6      | Found a runed translucent gate.
  5246 | D:6      | Found a runed translucent gate.
  5280 | D:6      | Found a snail-covered altar of Cheibriados.
  5372 | D:6      | Found a runed translucent gate.
  5372 | D:6      | Noticed LaMa's ghost (novice TrMo)
  6107 | D:6      | Killed LaMa's ghost
  6108 | D:6      | Reached skill level 8 in Fighting
  6108 | D:6      | Reached XP level 9. HP: 55/82 MP: 8/8
  6287 | D:7      | Found a glowing golden altar of the Shining One.
  6314 | D:7      | Reached skill level 5 in Dodging
  6328 | D:7      | Reached skill level 9 in Fighting
  6354 | D:7      | Noticed Joseph
  6371 | D:7      | Killed Joseph
  6517 | D:7      | Noticed Maggie
  6519 | D:7      | Slain by a hornet

Illustrated notes

Levels and vault maps discovered:
D:1:      minmay_arrival_shattered_statue, layout_basic
D:2:      layout_basic, ebering_ecumenical_altar_box, basic_altar,
          guppyfry_early_orc_mine
D:3:      layout_basic, uniq_sigmund
D:4:      layout_gridville, serial_shops, shop_statue, shop,
          nicolae_shop_behind_doors, nicolae_shop_waterfront,
          nicolae_shop_bloodbath_and_beyond
D:5:      layout_cave_pools, lemuel_doored_altar, nemelex_diamond_rough_becter,
          mainiacjoe_overflow_brackets, nicolae_ossuary_entry_plus
D:6:      layout_layer_cave, cheibrodos_worm_habitat,
          minmay_temple_entry_purple_smoke, gammafunk_ghost_necromancy,
          minmay_misc_feat_nine_boxes
D:7:      layout_cave_pools, tso_altar, enter_bailey_4, uniq_maggie, uniq_joseph
D:8:      layout_basic, grunt_qazlal_sundering, mainiacjoe_overflow_chevrons,
          mainiacjoe_overflow_boulevard, serial_shops, nicolae_shop_statue_plus,
          kennysheep_generic_room_2

Skill      XL: |  1  2  3  4  5  6  7  8  9 |
---------------+----------------------------+-----
Fighting       | 4 5 6 7 8 9 |  9.5
Dodging        | 1 2 3 4 5 |  5.4
Throwing       | 1 2 3 4 |  4.9
Armour         | 4 5 6 7 |  7.2
Shields        | 4 5 6 7 |  7.1
Axes           | 3 4 5 6 |  6.5

Action                   |  1- 3 |  4- 6 |  7- 9 || total
-------------------------+-------+-------+-------++-------
Melee: War axe           |    79 |    38 |       ||   117
       Headbutt          |     9 |    11 |    33 ||    53
       Broad axe         |       |    32 |   214 ||   246
Throw: Stone             |    13 |    17 |     5 ||    35
  Use: Potion            |       |     2 |     5 ||     7
       Scroll            |       |     2 |     1 ||     3
Armor: Scale mail        |    30 |    29 |   127 ||   186
Dodge: Dodged            |    33 |    29 |   120 ||   182
Block: Buckler           |    19 |    19 |    61 ||    99
